 Dungeon Crawl Stone Soup version 0.27-a0-1312-g5cdb2b3542 (webtiles) character file.

Game seed: 7607155809685157148

77151 HAL9000 the Carver (level 15, -4/75 HPs)
             Began as a Vine Stalker Brigand on June 18, 2021.
             Was a Follower of Uskayaw.
             Slain by an enormous slime creature (44 damage)
             ... on level 14 of the Dungeon on June 19, 2021.
             The game lasted 01:05:27 (21270 turns).

HAL9000 the Carver (Vine Stalker Brigand)          Turns: 21270, Time: 01:05:27

Health: -4/75      AC: 29    Str: 20    XL:     15   Next: 55%
Magic:  0/23       EV: 12    Int: 12    God:    Uskayaw [*.....]
Gold:   1095       SH:  5    Dex: 15    Spells: 8/14 levels left

rFire    + . .     SeeInvis .   w - +4 scimitar (flame)
rCold    + . .     Faith    +   i - +0 buckler
rNeg     . . .     Spirit   +   g - +2 crystal plate armour
rPois    .         Reflect  .   H - +2 hat
rElec    .         Harm     .   I - scarf {rC+ rF+}
rCorr    .         Rampage  .   A - +0 pair of gloves
Will     +....                  J - +1 pair of boots
Stlth    ..........             G - amulet of faith
HPRegen  1.22/turn              z - +4 ring of evasion
MPRegen  0.18/turn              q - +4 ring of evasion

@: no status effects
A: fangs 3, regeneration 1, magic shield, antimagic bite, no potion heal 2
a: Renounce Religion, Stomp


You were on level 14 of the Dungeon.
You worshipped Uskayaw.
Uskayaw was aware of your devotion.
You visited 2 branches of the dungeon, and saw 20 of its levels.

You collected 1495 gold pieces.
You spent 400 gold pieces at shops.

Inventory:

Hand Weapons
 w - a +4 scimitar of flaming (weapon)
 x - the +1 hunting sling "Grum" {freeze, rN+}
   (You found it on level 6 of the Lair of Beasts)

   It causes projectiles fired from it to freeze those they strike, causing
   extra injury to most foes and up to half again as much damage against
   particularly susceptible opponents.
   They can also slow down cold-blooded creatures.
   It protects you from negative energy.
 Q - a +2 eveningstar of draining
Missiles
 b - 4 silver javelins
 h - 72 poisoned darts (quivered)
 n - 4 atropa-tipped darts
 M - 152 sling bullets
 V - 3 curare-tipped darts
 Z - 5 javelins
Armour
 g - a +2 crystal plate armour (worn)
 i - a +0 buckler (worn)
 A - a +0 pair of gloves (worn)
 H - a +2 hat (worn)
 I - a scarf of resistance (worn)
 J - a +1 pair of boots (worn)
 P - the +5 plate armour "Turootorph" {rF+}
   (You found it on level 1 of the Lair of Beasts)

   It protects you from fire.
Jewellery
 q - a +4 ring of evasion (right hand)
 r - a ring of see invisible
 z - a +4 ring of evasion (left hand)
 G - an amulet of faith (around neck)
 N - a ring of resist corrosion
 W - the ring "Numityp" {Wiz rElec Will+}
   (You found it on level 6 of the Lair of Beasts)

   [ring of wizardry]

   It improves your spell success rate.
   It insulates you from electricity.
   It increases your willpower.
Wands
 c - a wand of flame (13)
 e - a wand of mindburst (24)
 m - a wand of digging (8)
 F - a wand of paralysis (9)
 Y - a wand of acid (8)
Scrolls
 a - a scroll of enchant armour
 d - 3 scrolls of vulnerability {unknown}
 j - 5 scrolls of magic mapping
 p - 8 scrolls of teleportation
 s - 3 scrolls of identify
 v - a scroll of torment {unknown}
 y - 2 scrolls of fear
 B - a scroll of holy word
 C - a scroll of silence
 D - 2 scrolls of blinking
 S - 2 scrolls of fog
 T - 2 scrolls of immolation
Potions
 f - 5 potions of cancellation
 k - 2 potions of ambrosia
 l - 6 potions of curing
 o - 3 potions of haste
 t - 9 potions of flight
 u - a potion of resistance {unknown}
 E - a potion of might
 L - 2 potions of attraction
 O - 2 potions of invisibility
 U - a potion of heal wounds {unknown}
 X - 2 potions of brilliance
Miscellaneous
 K - a phial of floods


   Skills:
 - Level 7.1 Fighting
 - Level 7.3(11.7) Short Blades
 - Level 14.0(14.6) Long Blades
 - Level 1.7 Throwing
 - Level 11.3 Armour
 - Level 0.7 Dodging
 - Level 11.2 Stealth
 - Level 5.6 Shields
 - Level 4.0 Hexes
 + Level 9.9 Invocations
 - Level 0.1 Evocations


You had 8 spell levels left.
You knew the following spells:

 Your Spells              Type           Power      Damage    Failure   Level
a - Confusing Touch       Hex            9%         N/A       100%        3
b - Tukima's Dance        Hex            9%         N/A       100%        3

Your spell library contained the following spells:

 Spells                   Type           Power      Damage    Failure   Level
 Corona                   Hex            10%        N/A       99%         1
 Animate Skeleton         Necr           0%         N/A       100%        1
 Apportation              Tloc           0%         N/A       100%        1
 Magic Dart               Conj           0%         1d3       100%        1
 Pain                     Necr           0%         1d4       100%        1
 Sandblast                Erth           0%         2d4       100%        1
 Sting                    Tmut/Pois      0%         1d3       100%        1
 Summon Small Mammal      Summ           0%         N/A       100%        1
 Call Imp                 Summ           0%         N/A       100%        2
 Corpse Rot               Necr/Air       N/A        N/A       100%        2
 Ensorcelled Hibernation  Hex/Ice        8%         N/A       100%        2
 Passwall                 Tmut/Erth      0%         N/A       100%        2
 Searing Ray              Conj           0%         3d3       100%        2
 Sublimation of Blood     Necr           0%         N/A       100%        2
 Call Canine Familiar     Summ           0%         N/A       100%        3
 Dazzling Flash           Conj/Hex       8%         N/A       100%        3
 Ignite Poison            Fire/Tmut/Pois 0%         N/A       100%        3
 Stone Arrow              Conj/Erth      0%         3d7       100%        3
 Summon Guardian Golem    Hex/Summ       4%         N/A       100%        3
 Vampiric Draining        Necr           0%         2d6       100%        3
 Animate Dead             Necr           0%         N/A       100%        4
 Dispel Undead            Necr           0%         3d6       100%        4
 Fulminant Prism          Conj/Hex       2%         3d6       100%        4
 Iskenderun's Mystic Bla  Conj/Tloc      0%         2d3       100%        4
 Petrify                  Tmut/Erth      0%         N/A       100%        4
 Summon Ice Beast         Ice/Summ       0%         N/A       100%        4
 Summon Lightning Spire   Summ/Air       0%         N/A       100%        4
 Agony                    Necr           0%         N/A       100%        5
 Excruciating Wounds      Necr           0%         N/A       100%        5
 Fireball                 Conj/Fire      0%         3d3       100%        5
 Freezing Cloud           Conj/Ice/Air   0%         6-21      100%        5
 Lee's Rapid Deconstruct  Erth           0%         3d5*      100%        5
 Summon Forest            Summ/Tloc      0%         N/A       100%        5
 Starburst                Conj/Fire      0%         8x6d3     100%        6
 Ignition                 Fire           0%         3d3       100%        8


Dungeon Overview and Level Annotations

Branches:
Dungeon (14/15)            Temple (0/1) D:7            Lair (6/6) D:9
  Swamp (0/4) Lair:3       Spider (0/4) Lair:2        Slime (0/5) Lair:6
    Orc (0/2) D:11         Vaults (0/5) D:14

Altars:
Ashenzari
Dithmenos
Fedhas
Hepliaklqana
Makhleb
Qazlal
Ru
Trog
Uskayaw
Vehumet
Xom
Yredelemnul
The Shining One

Shops:
D:6 =

Annotations:
Lair:1 armour
Lair:3 2 transporters, Fahonk's ghost, journeyman DrTm
Lair:5 3 runed translucent doors, Ycoiwk's ghost, journeyman OpVM


Innate Abilities, Weirdness & Mutations

You have razor-sharp teeth.
Your natural rate of healing is unusually fast.
When hurt, damage is shared between your health and your magic reserves.
Your bite disrupts and absorbs the magic of your enemies.
Potions cannot restore your health.


Message History

The very large slime creature is lightly wounded.
You slice the very large slime creature!!
You burn the very large slime creature! You bite the very large slime creature!
You drain its power.
The very large slime creature is moderately wounded.
You hear a shout!
A troll comes into view.
You hit the very large slime creature. You burn the very large slime creature.
Your bite misses the very large slime creature.
The very large slime creature is moderately wounded.
The very large slime creature hits you but does no damage.
You slash the very large slime creature!
You burn the very large slime creature. You bite the very large slime creature!
You drain its power.
The very large slime creature is heavily wounded.
You can now pass through a line of other dancers.
You slash the very large slime creature!
You burn the very large slime creature. You bite the very large slime creature.
You drain its power.
The very large slime creature is heavily wounded.
The very large slime creature hits you!!
A slime creature comes into view.
You slash the very large slime creature!
You burn the very large slime creature. You bite the very large slime creature.
You drain its power.
You feel invigorated.
The very large slime creature is severely wounded.
Two slime creatures merge to form an enormous slime creature.
You slash the enormous slime creature! You burn the enormous slime creature.
The enormous slime creature is heavily wounded.
The enormous slime creature hits you!!!
Ouch! That really hurt!
There is an open door here.
There is an open door here.
You can no longer pass through a line of other dancers.
There is an open door, spattered with blood here.
You see here a tengu corpse.
There is a stone staircase leading up here.
The enormous slime creature hits you!!!
Ouch! That really hurt!
You die...

####......#
#.#.#)#.##
##'#####
##.#[#.#.# #..#
#.#)#)#/## ##.#
##.#)#.#.#
##'######.#.#.#.##
#.....##.########
#.....##.#
+.....#).####
#.....T.J@..+
#.....#######
#.....# #######


You could see an enormous slime creature and a troll.

Vanquished Creatures
  Gastronok (Lair:3)
  Kirke (D:13)
  Nessos (D:13)
  4 dire elephants
  Azrael (D:13)
  2 fire dragons (D:14)
  A vault guard (D:14)
  4 hydras
  5 two-headed ogres
  3 centaur warriors
  A death knight (D:11)
  4 tengu warriors
  4 death yaks
  Urug (Lair:2)
  A spectral dire elephant (Lair:6)
  Nergalle (Lair:2)
  2 spectral death yaks (Lair:6)
  A spectral anaconda (Lair:6)
  2 bog bodies (Lair:3)
  A wizard (D:14)
  An obsidian statue (Lair:6)
  2 lindwurms (Lair:6)
  Pikel (D:5)
  4 necromancers (Lair:6)
  A deep elf zephyrmancer (D:11)
  3 oklob plants
  A deep elf pyromancer (D:11)
  A cyclops (D:13)
  2 ugly things
  2 manticores
  5 black mambas
  Joseph (D:7)
  20 elephants
  A guardian serpent (D:13)
  13 cane toads
  A gargoyle (D:13)
  8 komodo dragons
  2 rime drakes (Lair:5)
  An unseen horror (D:12)
  5 tengu conjurers
  2 yaktaurs
  3 jumping spiders (Lair:2)
  A troll (D:13)
  4 polar bears
  14 blink frogs
  A hornet (D:11)
  3 spectral elephants (Lair:6)
  A meliai zombie (D:7)
  5 redbacks (Lair:2)
  6 slime creatures
  A shadow (D:10)
  A steam dragon (D:7)
  3 wraiths
  A wyvern (Lair:3)
  2 humans (D:13)
  25 yaks
  2 basilisks
  A fire elemental (D:13)
  Menkaure (D:6)
  Edmund (D:3)
  7 wargs
  2 spectral cane toads (Lair:6)
  10 water moccasins
  3 hell hounds (D:13)
  7 orc warriors
  An ice beast (D:8)
  3 sky beasts
  2 elephant zombies (Lair:6)
  A black bear (Lair:5)
  5 ogres
  11 wolves
  11 centaurs
  5 elephant skeletons (Lair:6)
  5 kobold brigands
  13 bullfrogs
  A gnoll sergeant (D:8)
  A cane toad simulacrum (Lair:6)
  2 elephant simulacra (Lair:6)
  6 killer bees (D:11)
  16 wights
  A bullfrog zombie (D:7)
  3 centaur zombies
  4 orc priests
  3 jellies
  A centaur skeleton (D:6)
  6 hounds
  2 bullfrog skeletons
  Ijyb (D:4)
  16 orc wizards
  2 iguanas
  9 hell rats (Lair:3)
  A hound skeleton (D:4)
  9 gnolls
  7 adders
  14 river rats (Lair:3)
  16 white imps
  2 ufetubi
  A dart slug (D:2)
  27 orcs
  4 ball pythons
  4 bats
  7 endoplasms
  5 giant cockroaches
  9 goblins
  7 hobgoblins
  2 jackals (D:1)
  23 kobolds
  8 quokkas
  15 rats
515 creatures vanquished.

Vanquished Creatures (collateral kills)
  An orc warrior (D:5)
1 creature vanquished.

Vanquished Creatures (others)
  A human (D:13)
  An orc wizard (D:10)
  An orc (D:7)
  20 fungi
  23 plants
  15 withered plants (Lair:6)
61 creatures vanquished.

Grand Total: 577 creatures vanquished

Notes
Turn   | Place    | Note
-------+----------+-------------------------------------------
     0 | D:1      | HAL9000 the Vine Stalker Brigand began the quest for the
                  | Orb.
     0 | D:1      | Reached XP level 1. HP: 11/11 MP: 2/2
    32 | D:1      | Found a faded altar of an unknown god.
    77 | D:1      | Reached skill level 5 in Stealth
   194 | D:1      | Reached XP level 2. HP: 15/15 MP: 3/3
   537 | D:1      | Reached XP level 3. HP: 13/18 MP: 4/4
  1514 | D:2      | Gained mutation: Your natural rate of healing is unusually
                  | fast. [Vine Stalker growth]
  1514 | D:2      | Reached XP level 4. HP: 3/23 MP: 2/5
  1698 | D:3      | Learned a level 3 spell: Confusing Touch
  1786 | D:3      | Noticed a +0 short sword
  1788 | D:3      | Noticed a +0 dagger
  1788 | D:3      | Noticed a +0 short sword
  1794 | D:3      | Noticed a +0 falchion
  1794 | D:3      | Noticed a +0 dagger
  1794 | D:3      | Noticed a +0 falchion
  1795 | D:3      | Noticed a +0 spear
  1796 | D:3      | Noticed a +0 spear
  1808 | D:3      | Found a hide-covered altar of Uskayaw.
  1818 | D:3      | Became a worshipper of Uskayaw the Reveller
  1973 | D:3      | Reached * piety under Uskayaw
  2543 | D:4      | Noticed Edmund
  2580 | D:3      | Killed Edmund
  2581 | D:3      | Reached XP level 5. HP: 11/26 MP: 1/6
  2653 | D:4      | Reached XP level 6. HP: 30/30 MP: 7/7
  2657 | D:4      | Found a broken altar of Ashenzari.
  2748 | D:3      | Reached ** piety under Uskayaw
  2751 | D:3      | Reached skill level 5 in Short Blades
  2844 | D:4      | Reached *** piety under Uskayaw
  2846 | D:4      | Reached XP level 7. HP: 32/34 MP: 6/8
  2861 | D:4      | Noticed Ijyb
  2869 | D:4      | Killed Ijyb
  2977 | D:4      | Reached skill level 1 in Hexes
  3314 | D:4      | Learned a level 3 spell: Tukima's Dance
  3335 | D:5      | Entered Level 5 of the Dungeon
  3441 | D:5      | Found a hazy altar of Hepliaklqana.
  3514 | D:5      | Reached skill level 1 in Shields
  3590 | D:4      | Gained mutation: You have razor-sharp teeth. [Vine Stalker
                  | growth]
  3590 | D:4      | Reached XP level 8. HP: 38/38 MP: 7/9
  3762 | D:5      | Noticed Pikel
  3777 | D:5      | Killed Pikel
  3778 | D:5      | Reached skill level 5 in Shields
  3843 | D:5      | Found a radiant altar of Vehumet.
  4183 | D:6      | Noticed Menkaure
  4371 | D:6      | Reached **** piety under Uskayaw
  4374 | D:6      | Reached XP level 9. HP: 21/42 MP: 10/10
  4707 | D:6      | Killed Menkaure
  4800 | D:6      | Found a sacrificial altar of Ru.
  5423 | D:6      | Found Esief's Jewellery Shop.
  5431 | D:6      | Bought an amulet of faith for 400 gold pieces
  5557 | D:7      | Reached ***** piety under Uskayaw
  5566 | D:7      | Reached skill level 5 in Fighting
  5582 | D:7      | Found a staircase to the Ecumenical Temple.
  5842 | D:7      | Found a shadowy altar of Dithmenos.
  5865 | D:7      | Reached XP level 10. HP: 41/55 MP: 7/11
  6084 | D:7      | Noticed Joseph
  6103 | D:7      | Killed Joseph
  6790 | D:8      | Found a shimmering altar of Xom.
  7292 | D:8      | Noticed a two-headed ogre
  7321 | D:8      | Killed a two-headed ogre
  7322 | D:8      | Reached skill level 10 in Stealth
  7623 | D:8      | Reached skill level 1 in Armour
  8620 | D:8      | Reached XP level 11. HP: 36/58 MP: 9/12
  8715 | D:9      | Reached skill level 5 in Armour
  9093 | D:9      | Found a staircase to the Lair.
  9164 | D:10     | Entered Level 10 of the Dungeon
  9277 | D:10     | Identified the +5 scale mail "Buuloro" {Str+3 Int+6 Dex+3}
  9302 | D:10     | Found a bloodstained altar of Trog.
  9435 | D:10     | Identified the amulet of Pooh {Spirit +Inv rF+ Str+4}
  9844 | D:10     | Reached ****** piety under Uskayaw
  9995 | D:10     | Found a blossoming altar of Fedhas.
 10001 | D:10     | Found a stormy altar of Qazlal.
 10002 | D:10     | Found a burning altar of Makhleb.
 10004 | D:10     | Found a basalt altar of Yredelemnul.
 10007 | D:10     | Found a glowing golden altar of the Shining One.
 10235 | Lair:1   | Entered Level 1 of the Lair of Beasts
 10388 | Lair:1   | Noticed an oklob plant
 11126 | Lair:1   | Killed an oklob plant
 11130 | Lair:1   | Identified the +5 plate armour "Turootorph" {rF+}
 11211 | Lair:2   | Noticed Urug
 11392 | Lair:1   | Reached XP level 12. HP: 36/63 MP: 10/13
 11513 | Lair:2   | Reached skill level 10 in Armour
 11589 | Lair:2   | Noticed Nergalle
 11613 | Lair:2   | Killed Nergalle
 11667 | Lair:2   | Found a hole to the Spider Nest.
 12537 | Lair:2   | Reached skill level 1 in Long Blades
 12558 | Lair:2   | HP: 1/63 [poisoned by a redback]
 12647 | Lair:2   | Reached skill level 2 in Long Blades
 12926 | Lair:2   | Reached skill level 3 in Long Blades
 13025 | Lair:2   | Killed Urug
 13030 | Lair:2   | HP: 2/63 [poisoned by Urug]
 13035 | Lair:2   | HP: 2/63 [poisoned by Urug]
 13119 | Lair:3   | Found a transporter.
 13135 | Lair:3   | Found a transporter.
 13139 | Lair:3   | Noticed a death yak
 13139 | Lair:3   | Noticed Fahonk's ghost (journeyman DrTm)
 13164 | Lair:3   | Reached skill level 4 in Long Blades
 13179 | Lair:3   | Noticed Gastronok
 13203 | Lair:3   | Noticed a six-headed hydra
 13240 | Lair:2   | Killed a two-headed hydra
 13241 | Lair:2   | Reached skill level 5 in Long Blades
 13277 | Lair:3   | Killed Gastronok
 13278 | Lair:3   | Reached skill level 6 in Long Blades
 13278 | Lair:3   | Reached XP level 13. HP: 59/67 MP: 14/14
 13381 | Lair:3   | Found a staircase to the Swamp.
 13398 | Lair:3   | Reached skill level 7 in Long Blades
 13855 | Lair:3   | Reached skill level 8 in Long Blades
 14685 | Lair:4   | Reached skill level 9 in Long Blades
 15135 | Lair:4   | Identified the +3 chain mail of the Sun {rElec Stlth+}
 15369 | Lair:4   | Reached skill level 10 in Long Blades
 15611 | Lair:5   | Noticed Ycoiwk's ghost (journeyman OpVM)
 15632 | Lair:5   | Found a runed translucent gate.
 15632 | Lair:5   | Found a runed translucent gate.
 15634 | Lair:5   | Found a runed translucent gate.
 16652 | Lair:6   | Entered Level 6 of the Lair of Beasts
 16715 | Lair:6   | Noticed a dire elephant
 16848 | Lair:6   | Reached skill level 11 in Long Blades
 17024 | Lair:6   | Reached XP level 14. HP: 61/72 MP: 15/15
 17230 | Lair:6   | Found a staircase to the Slime Pits.
 17371 | Lair:6   | Reached skill level 12 in Long Blades
 17457 | Lair:6   | Noticed a dire elephant
 17493 | Lair:6   | Noticed a dire elephant
 17528 | Lair:6   | Killed a dire elephant
 17796 | Lair:5   | Killed a dire elephant
 17914 | Lair:6   | Killed a dire elephant
 18096 | Lair:6   | Reached skill level 13 in Long Blades
 18235 | Lair:6   | Identified the ring "Numityp" {Wiz rElec Will+}
 18256 | Lair:6   | Noticed a dire elephant
 18362 | Lair:6   | Killed a dire elephant
 18798 | Lair:6   | Identified the +1 hunting sling "Grum" {freeze, rN+}
 19065 | Lair:1   | Upgraded the game from 0.27-a0-1302-g7736ffe575 to
                  | 0.27-a0-1312-g5cdb2b3542
 19177 | D:11     | Reached skill level 14 in Long Blades
 19179 | D:11     | Found a staircase to the Orcish Mines.
 19370 | D:11     | Reached skill level 1 in Invocations
 19647 | D:11     | Identified the Almanac of Dhcmrlchtdj
 19658 | D:11     | Identified Harchy's Volume of Combed Thunderclap
 19904 | D:11     | Identified the Catalogue of Sand
 20472 | D:13     | Noticed Nessos
 20489 | D:13     | Killed Nessos
 20490 | D:13     | Reached skill level 5 in Invocations
 20490 | D:13     | Reached XP level 15. HP: 75/75 MP: 19/19
 20574 | D:13     | Noticed Kirke
 20584 | D:13     | Killed Kirke
 20709 | D:13     | Noticed Azrael
 20733 | D:13     | Killed Azrael
 21192 | D:14     | Identified a scroll of acquirement
 21192 | D:14     | Acquired a +2 crystal plate armour
 21215 | D:14     | Found a gate to the Vaults.
 21270 | D:14     | Slain by an enormous slime creature

Illustrated notes

Levels and vault maps discovered:
D:1:      doesnt_arrival_eight_statues, layout_basic,
          shapermc_ecumenical_altar_mp_ritualfount
D:2:      minmay_alternating_diamond, layout_loops_cross
D:3:      layout_loops_corners, nicolae_uskayaw_en_pointe,
          minmay_misc_feat_tiny, nrook_loot_triangle
D:4:      layout_gridville, cheibrodos_ashenzari_chains, uniq_edmund, uniq_ijyb
D:5:      layout_cave_pools, kennysheep_little_box, nicolae_vehumet_altar_sigil,
          uniq_pikel
D:6:      layout_loops_corners, nicolae_overflow_crystal_walls, serial_shops,
          nicolae_square_shop, grunt_decor_arrowhead, uniq_menkaure
D:7:      layout_basic, nicolae_dithmenos_shadow_blocks,
          minmay_temple_entry_ruins, uniq_joseph
D:8:      layout_basic, lemuel_crystal_altar, minmay_increasing_density
D:9:      layout_basic, lair_entry_dummy
D:10:     layout_loops_ring, trog_ov_bears_minmay, minitemple, nooodl_orcs_dogs
D:11:     layout_loops_ring, minmay_orc_entry_guard_dogs, enter_bailey_7,
          bh_hangedman_babel_library
D:12:     layout_small_grid, uniq_maurice
D:13:     layout_roguey, nrook_guardian_serpent_ordinary, uniq_azrael,
          uniq_nessos, uniq_kirke
D:14:     layout_roguey, david_vaults_5, kennysheep_small_spiral,
          einodemon_barbed_minivault
Lair:1:   layout_concentric_octagons, grunt_forest_stairs_basic,
          chequers_serial_rivers_micro_a, minmay_lair_oklob_chamber
Lair:2:   layout_loops_ring, nicolae_spider_entry_tight_spaces, minivault_19,
          infiniplex_staircase_pool_2, uniq_urug, uniq_nergalle
Lair:3:   lemuel_ratsnest, layout_chaotic_city, skrybe_swamp_entry_bodies,
          gammafunk_ghost_arena, portal_ice_cave_entry_imps, uniq_gastronok
Lair:4:   layout_small_grid, beast_lair_carwin_5
Lair:5:   layout_cave_pods, gammafunk_ghost_split,
          chequers_serial_rivers_micro_e
Lair:6:   due_jungle_book, layout_hall_layers, minmay_slime_entry_pillars,
          grunt_megastairs_2

Skill      XL: |  1  2  3  4  5  6  7  8  9 10 11 12 13 14 15 |
---------------+----------------------------------------------+-----
Stealth        | 5 6 7 11 | 11.2
Short Blades   | 4 5 6 7 |  7.3
Hexes          | 4 |  4.0
Shields        | 1 5 |  5.6
Fighting       | 7 |  7.1
Armour         | 4 9 11 | 11.3
Long Blades    | 6 11 14 | 14.0
Invocations    | 5 9 |  9.9
Throwing       | |  1.7
Dodging        | |  0.7
Evocations     | |  0.1

Action                   |  1- 3 |  4- 6 |  7- 9 | 10-12 | 13-15 || total
-------------------------+-------+-------+-------+-------+-------++-------
Melee: Dagger            |    78 |    53 |   214 |    20 |     5 ||   370
       Bite              |    20 |    17 |    98 |   297 |   496 ||   928
       Scimitar          |       |       |    60 |   576 |  1100 ||  1736
 Fire: Hunting sling     |       |       |       |    25 |       ||    25
Throw: Dart              |     6 |    11 |    28 |    53 |     8 ||   106
 Cast: Confusing Touch   |       |       |     1 |     1 |       ||     2
       Tukima's Dance    |       |       |     4 |     1 |       ||     5
Invok: Stomp             |       |       |     1 |       |       ||     1
       Line Pass         |       |       |       |     1 |       ||     1
Evoke: Wand              |       |       |     6 |     4 |       ||    10
  Use: Scroll            |       |     4 |     5 |    11 |     7 ||    27
       Potion            |       |       |       |     5 |       ||     5
 Stab: Sleeping          |    14 |    11 |    14 |    10 |       ||    49
       Paralysed         |       |     1 |     8 |    43 |    63 ||   115
       Confused          |       |       |     1 |       |       ||     1
       Invisible         |       |       |       |     2 |       ||     2
Armor: Robe              |    12 |     2 |    41 |     6 |       ||    61
       Fire dragon scale |       |       |       |    41 |       ||    41
       Scale mail        |       |       |       |   136 |       ||   136
       Plate armour      |       |       |       |    32 |   558 ||   590
       Crystal plate arm |       |       |       |       |     1 ||     1
Dodge: Dodged            |    35 |    19 |   167 |   350 |   502 ||  1073
Block: Buckler           |     2 |     3 |    73 |   143 |   260 ||   481
       Rpst.: Scimitar   |       |       |    20 |    77 |   107 ||   204

Table legend: (Time is in decaauts)
 A = Elapsed time spent in this place.
 B = Non-inter-level travel time spent in this place.
 C = Inter-level travel time spent in this place.
 D = Time resting spent in this place.
 E = Time spent auto-exploring this place.
 F = Levels seen in this place.
 G = Mean time per level.
                   A        B        C        D        E       F      G
               +--------+--------+--------+--------+--------+-----+--------+
         Total |  21088 |  19592 |   1496 |   1378 |  13279 |  20 | 1054.4 |
       Dungeon |  12333 |  11594 |    739 |    577 |   8411 |  14 |  880.9 |
          Lair |   8754 |   7997 |    757 |    801 |   4867 |   6 | 1459.0 |
               +--------+--------+--------+--------+--------+-----+--------+

Top non-repeatable levels by time:
  Lair:6: 2074 daAuts
  Lair:2: 1837 daAuts
  Lair:1: 1326 daAuts
     D:9: 1288 daAuts
     D:8: 1221 daAuts
  Lair:3: 1209 daAuts
  Lair:5: 1201 daAuts
     D:7: 1129 daAuts
  Lair:4: 1105 daAuts
     D:6: 1057 daAuts
     D:3: 1047 daAuts
    D:10: 1042 daAuts
    D:11: 931 daAuts
     D:5: 930 daAuts
     D:1: 836 daAuts
